 Dungeon Crawl Stone Soup version 0.29-a0-323-g050149af67 (webtiles) character file.

Game seed: 4592892225603341102

18 siradein the Skirmisher (level 2, -1/16 HPs)
             Began as a Vine Stalker Fighter on Apr 11, 2022.
             Slain by Sigmund
             ... wielding a +2 scythe of protection
              (2 damage)
             ... on level 2 of the Dungeon on Apr 12, 2022.
             The game lasted 00:03:11 (1274 turns).

siradein the Skirmisher (Vine Stalker Fighter)      Turns: 1274, Time: 00:03:11

Health: -1/16      AC:  6    Str: 18    XL:     2   Next: 66%
Magic:  0/12       EV:  9    Int:  8    God:
Gold:   89         SH:  0    Dex: 13    Spells: 1/1 levels left

rFire   . . .      SeeInvis .   a - +0 long sword
rCold   . . .      Faith    .   c - +0 buckler
rNeg    . . .      Spirit   +   b - +0 scale mail
rPois   .          Reflect  .   (no helmet)
rElec   .          Harm     .   (no cloak)
rCorr   .          Rampage  .   (no gloves)
Will    .....                   (no boots)
Stlth   ..........              (no amulet)
HPRegen 0.05/turn               g - ring of magical power
MPRegen 0.13/turn               (no ring)

@: confused
A: fangs 2, magic shield, antimagic bite, no potion heal 2
a: no special abilities


You were on level 2 of the Dungeon.
You visited 1 branch of the dungeon, and saw 2 of its levels.

You collected 89 gold pieces.

Inventory:

Hand Weapons
 a - a +0 long sword (weapon)
Armour
 b - a +0 scale mail (worn)
 c - a +0 buckler (worn)
Jewellery
 g - a ring of magical power (left hand)
Scrolls
 f - 4 scrolls of identify {unknown}
Potions
 d - 3 potions of might
 e - 2 potions of brilliance {unknown}
 h - a potion of curing {unknown}
 i - a potion of degeneration {unknown}


   Skills:
 + Level 2.9 Fighting
 + Level 2.0 Long Blades
 + Level 2.5 Armour
 + Level 0.5 Dodging
 + Level 2.8 Shields


You had one spell level left.
You didn't know any spells.
Your spell library contained the following spells:

 Spells                   Type           Power      Damage    Failure   Level
 Conjure Flame            Conj/Fire      0%         6-21      99%         3
 Ignite Poison            Fire/Tmut/Pois 0%         N/A       99%         3
 Sticky Flame             Conj/Fire      0%         2d3       100%        4


Dungeon Overview and Level Annotations

Branches:
Dungeon (2/15)

Altars:

Shops:
D:2 [

Annotations:
D:2 Sigmund


Innate Abilities, Weirdness & Mutations

You have extremely sharp teeth.
When hurt, damage is shared between your health and your magic reserves.
Your bite disrupts and absorbs the magic of your enemies.
Potions cannot restore your health.


Message History

Sigmund casts a spell at you.
You are confused.
Sigmund gestures at you while chanting. The puff of flame hits you.
Sigmund casts a spell at you. The puff of flame hits you.
You're too confused to move!
You feel less confused.
You start resting.
Sigmund is nearby!
You hit Sigmund.
Sigmund is lightly wounded.
Sigmund gestures at you while chanting. You resist with significant effort.
You barely miss Sigmund.
Sigmund is lightly wounded.
Sigmund casts a spell.
Sigmund flickers and vanishes!
Deactivating autopickup; reactivate with Ctrl-A.
No target in view!
No target in view!
You hear some strange, mumbled words.
A puff of flame appears from out of thin air!
The puff of flame hits you.
A puff of flame appears from out of thin air!
The puff of flame hits you.
A magic dart appears from out of thin air!
The magic dart hits you.
There is an open door here.
You are confused.
A puff of flame appears from out of thin air!
The puff of flame hits you.
* * * LOW HITPOINT WARNING * * *
You are more confused.
You're too confused to move!
You bump into the closed door.
You bump into the rock wall.
Something hits you!
* * * LOW HITPOINT WARNING * * *
You bump into the closed door.
Something hits you.
You die...

#.#...#####...## #.#
..#...# ##.## #.#
..#...# #.# #.# @.#####
#.# #.# .## ##'##
####.##### .# ##...##
#.....<..# .# ##....{##
#.##.###.# ..
##.......## #..#.# #.#
..
#........@####....###.#
..
+.........+...........#
...
#.........###.........#
##.......## #.#.#.###.#
##.....## #.###.###.#
##...## #.........#
##'## #####.##### #.#
#.# #.# #.#


There were no monsters in sight!

Vanquished Creatures
  3 ball pythons
  4 bats (D:1)
  2 endoplasms (D:1)
  A goblin (D:1)
  A hobgoblin (D:1)
  4 kobolds (D:1)
  A quokka (D:1)
  A frilled lizard (D:1)
17 creatures vanquished.

Vanquished Creatures (others)
  3 plants (D:1)
3 creatures vanquished.

Grand Total: 20 creatures vanquished

Notes
Turn   | Place    | Note
-------+----------+-------------------------------------------
     0 | D:1      | siradein the Vine Stalker Fighter began the quest for the
                  | Orb.
     0 | D:1      | Reached XP level 1. HP: 11/11 MP: 2/2
   557 | D:1      | Reached XP level 2. HP: 16/16 MP: 3/3
  1129 | D:2      | Found Summuf Foilo's Armour Shoppe.
  1232 | D:2      | Noticed Sigmund
  1274 | D:2      | Slain by Sigmund

Illustrated notes

Levels and vault maps discovered:
D:1:      dpeg_arrival_tiny_a, layout_basic, serial_bayou, serial_bayou_shore_b,
          serial_bayou_shore_a, serial_bayou_pond_e, serial_bayou_lake_a,
          serial_bayou_pond_a
D:2:      layout_loops_corners, serial_shops, shop_coins,
          ebering_ecumenical_altar_mist, uniq_crazy_yiuf_cottage, uniq_sigmund

Skill      XL: |  1  2 |
---------------+-------+-----
Long Blades    | 2 |  2.0
Fighting       | |  2.9
Armour         | |  2.5
Dodging        | |  0.5
Shields        | |  2.8

Action                   || total
-------------------------++-------
Melee: Long sword        ||    48
       Bite              ||     3
Armor: Scale mail        ||    16
Dodge: Dodged            ||    21
Block: Buckler           ||     9

Table legend: (Time is in decaauts)
 A = Elapsed time spent in this place.
 B = Non-inter-level travel time spent in this place.
 C = Inter-level travel time spent in this place.
 D = Time resting spent in this place.
 E = Time spent auto-exploring this place.
 F = Levels seen in this place.
 G = Mean time per level.
                   A        B        C        D        E       F      G
               +--------+--------+--------+--------+--------+-----+--------+
         Total |   1324 |   1298 |     26 |      4 |   1123 |   2 |  662.0 |
       Dungeon |   1324 |   1298 |     26 |      4 |   1123 |   2 |  662.0 |
               +--------+--------+--------+--------+--------+-----+--------+

Top non-repeatable levels by time:
     D:1: 1149 daAuts
     D:2: 175 daAuts
